 Dungeon Crawl Stone Soup version 0.26.0-10-g1f06aea511 (webtiles) character file.

Game seed: 17973025563505845995

379737 Dirian the Slayer (level 21, -10/212 HPs)
             Began as a Minotaur Fighter on Jan 21, 2021.
             Was a High Priest of Jiyva.
             Mangled by a large abomination (25 damage)
             ... on level 3 of the Abyss.
             The game lasted 02:07:40 (46068 turns).

Dirian the Slayer (Minotaur Fighter)               Turns: 46068, Time: 02:07:41

Health: -10/212    AC: 37    Str: 30    XL:     21   Next: 52%
Magic:  35/35      EV: 12    Int: 11    God:    Jiyva [*****.]
Gold:   3883       SH:  0    Dex: 12    Spells: 20/20 levels left

rFire    + + +     SeeInvis +   a - +5 demon blade (flame)
rCold    . . .     Faith    .   c - +1 kite shield
rNeg     + . .     Spirit   .   S - +1 plate armour {rF+}
rPois    .         Reflect  +   (helmet restricted)
rElec    .         Harm     .   J - +2 cloak
rCorr    +         Rampage  .   o - +0 pair of gloves
Will     +....                  I - +2 pair of boots of Pride {rF+}
Stlth    ..........             g - amulet "Muklock" {Reflect +Blink rN+ SH+5 Stlth+}
HPRegen  0.45/turn              X - +4 ring of slaying
MPRegen  0.24/turn              O - ring "Minegat" {AC+4 Str+5 Stlth-}

@: confused, about to teleport
A: retaliatory headbutt, horns 2, molten scales 2, see invisible, clever 1, fire
resistance 1, high mp 1, eyeballs 1, gelatinous body 1, jelly absorbing missiles
}: 3/15 runes: decaying, slimy, gossamer
a: Renounce Religion, Evoke Blink, Request Jelly, Slimify, Cure Bad Mutation


You were on level 3 of the Abyss.
You worshipped Jiyva.
Jiyva was extremely pleased with you.
You visited 8 branches of the dungeon, and saw 42 of its levels.
You visited the Abyss 2 times.
You also visited: Sewer, Bailey, Gauntlet and Volcano.

You collected 5097 gold pieces.
You spent 1214 gold pieces at shops.

Inventory:

Hand Weapons
 a - a +5 demon blade of flaming (weapon)
 b - a +2 scimitar of flaming
Armour
 c - a +1 kite shield (worn)
 o - a +0 pair of gloves (worn)
 I - the +2 pair of boots of Pride (worn) {rF+}
   (You bought it in a shop on level 10 of the Dungeon)

   It protects you from fire.
 J - a +2 cloak (worn)
 K - a +0 pair of boots of running
 M - the +0 hat "Pepna Jol" {rPois rN+++ Regen+ Dex-2}
   (You found it in a Gauntlet)

   It affects your dexterity (-2).
   It protects you from poison.
   It renders you almost immune to negative energy.
   It increases your rate of regeneration.
 S - a +1 plate armour of fire resistance (worn)
Jewellery
 g - the amulet "Muklock" (around neck) {Reflect +Blink rN+ SH+5 Stlth+}
   (You found it on level 6 of the Dungeon)

   [amulet of reflection]

   It shields you and reflects attacks.
   It protects you from negative energy.
   It lets you blink.
   It affects your SH (+5).
   It makes you more stealthy.
 j - the ring of Oppyghy {Ice rPois}
   (You found it on level 2 of the Lair of Beasts)

   [ring of ice]

   It enhances your ice magic.
   It makes you vulnerable to fire.
   It protects you from cold.
   It protects you from poison.
 l - the ring "Feno" {*Tele rF+ rC+ rN+ Int+4}
   (You found it in a bailey)

   [ring of teleportation]

   It may teleport you next to monsters.
   It affects your intelligence (+4).
   It protects you from fire.
   It protects you from cold.
   It protects you from negative energy.
 s - an uncursed ring of positive energy
 F - an uncursed ring of willpower
 O - the ring "Minegat" (right hand) {AC+4 Str+5 Stlth-}
   (You found it on level 8 of the Dungeon)

   [ring of protection]

   It affects your AC (+4).
   It affects your strength (+5).
   It makes you less stealthy.
 T - an uncursed ring of resist corrosion
 U - the ring of Cuvveiq {rPois Will+ Str-4 Int+3 Stlth+}
   (You found it on level 12 of the Dungeon)

   [ring of willpower]

   It affects your strength (-4).
   It affects your intelligence (+3).
   It protects you from poison.
   It affects your willpower, your defense against some magical effects.
   It makes you more stealthy.
 X - a +4 ring of slaying (left hand)
Wands
 e - a wand of disintegration (11)
 u - a wand of flame (73)
 v - a wand of digging (3)
 B - a wand of polymorph (10)
 G - a wand of paralysis (13)
 L - a wand of enslavement (20)
 N - a wand of iceblast (3)
 W - a wand of acid (2)
Scrolls
 f - 8 scrolls of enchant armour
 i - 5 scrolls of immolation
 r - 13 scrolls of identify
 t - 16 scrolls of teleportation
 x - 18 scrolls of remove curse
 A - 8 scrolls of magic mapping
 Q - a scroll of brand weapon
Potions
 d - 3 potions of might
 h - 4 potions of haste
 k - 4 potions of attraction
 m - 4 potions of mutation
 n - 4 potions of resistance
 p - 3 potions of ambrosia
 q - 9 potions of curing
 C - 4 potions of magic
 D - 3 potions of berserk rage
 H - 3 potions of flight
 R - 3 potions of lignification
Miscellaneous
 y - a phial of floods
 P - a phantom mirror
 V - a condenser vane


   Skills:
 + Level 23.6 Fighting
 + Level 17.4 Long Blades
 + Level 20.1 Armour
 - Level 5.0 Dodging
 + Level 18.2 Shields
 * Level 15.9 Invocations
 * Level 11.9 Evocations


You had 20 spell levels left.
You didn't know any spells.
Your spell library contained the following spells:

 Spells                   Type           Power        Failure   Level
 Animate Skeleton         Necr           0%           82%         1
 Apportation              Tloc           0%           82%         1
 Corona                   Hex            0%           82%         1
 Magic Dart               Conj           0%           82%         1
 Pain                     Necr           0%           82%         1
 Blink                    Tloc           N/A          91%         2
 Corpse Rot               Necr/Air       N/A          91%         2
 Ensorcelled Hibernation  Hex/Ice        0%           91%         2
 Poisonous Vapours        Pois/Air       0%           91%         2
 Searing Ray              Conj           0%           91%         2
 Sublimation of Blood     Necr           0%           91%         2
 Confusing Touch          Hex            0%           99%         3
 Conjure Flame            Conj/Fire      0%           99%         3
 Dazzling Flash           Conj/Hex       0%           99%         3
 Gell's Gravitas          Tloc           0%           99%         3
 Lesser Beckoning         Tloc           0%           99%         3
 Mephitic Cloud           Conj/Pois/Air  0%           99%         3
 Teleport Other           Tloc           0%           99%         3
 Tukima's Dance           Hex            0%           99%         3
 Vampiric Draining        Necr           0%           99%         3
 Animate Dead             Necr           0%           100%        4
 Dispel Undead            Necr           0%           100%        4
 Fulminant Prism          Conj/Hex       0%           100%        4
 Iskenderun's Mystic Bla  Conj/Tloc      0%           100%        4
 Passage of Golubria      Tloc           N/A          100%        4
 Petrify                  Tmut/Erth      0%           100%        4
 Agony                    Necr           0%           100%        5
 Alistair's Intoxication  Tmut/Pois      0%           100%        5
 Bolt of Magma            Conj/Fire/Erth 0%           100%        5
 Excruciating Wounds      Necr           0%           100%        5
 Iskenderun's Battlesphe  Conj           0%           100%        5
 Metabolic Englaciation   Hex/Ice        0%           100%        5
 Yara's Violent Unravell  Hex/Tmut       0%           100%        5
 Freezing Cloud           Conj/Ice/Air   0%           100%        6
 Invisibility             Hex            0%           100%        6
 Iron Shot                Conj/Erth      0%           100%        6
 Orb of Destruction       Conj           0%           100%        7
 Spellforged Servitor     Conj/Summ      0%           100%        7
 Disjunction              Tloc           0%           100%        8
 Ignition                 Fire           0%           100%        8


Dungeon Overview and Level Annotations

Branches:
Dungeon (15/15)            Temple (1/1) D:7            Lair (6/6) D:11
  Swamp (4/4) Lair:2       Spider (4/4) Lair:2        Slime (5/5) Lair:5
    Orc (2/2) D:12            Elf (0/3) Orc:2        Vaults (5/5) D:14
  Crypt (0/3) Vaults:3     Depths (0/5) D:15          Sewer (visited)
 Bailey (visited)         Volcano (visited)         Gauntlet (visited)

Altars:
Ashenzari
Cheibriados
Dithmenos
Elyvilon
Fedhas
Gozag
Hepliaklqana
Kikubaaqudgha
Makhleb
Nemelex Xobeh
Okawaru
Qazlal
Ru
Sif Muna
Trog
Uskayaw
Vehumet
Wu Jian
Xom
Yredelemnul
Zin
The Shining One
Beogh
Jiyva
Lugonu

Shops:
D:10 ([([*   D:12 !!}*   Orc:1 }   Orc:2 :***:   Vaults:1 ==![

Portals:
Abyss: Spider:2

Annotations:
D:7 need rElec !, 1 exclusion
Slime:5 Royal Jelly
Vaults:2 exclusion: obsidian statue


Innate Abilities, Weirdness & Mutations

You reflexively headbutt those who attack you in melee.
You have a pair of horns on your head.
You are mostly covered in molten scales. (AC +3)
You have supernaturally acute eyesight. (SInv)
Your mind is acute. (Int +2)
Your flesh is heat resistant. (rF+)
You have an increased reservoir of magic. (+10% MP)
Your body has grown golden eyes which may confuse attackers. (Acc +3)
Your rubbery body absorbs attacks. (AC +1, EV +1)
You have a small jelly attached to you that may absorb incoming projectiles.


Message History

You feel less invigorated.
You feel less confused.
The raiju bursts into living lightning!
The living lightning hits you!
* * * LOW HITPOINT WARNING * * *
The living lightning hits you!
* * * LOW HITPOINT WARNING * * *
The raiju blinks! x3
You are confused.
You feel invigorated.
The boulder beetle curls into a ball and begins rolling!
The large abomination barely misses you.
The raiju barely misses you.
A spatial vortex comes into view.
You bump into the rock wall.
The large abomination misses you.
You hit the red draconian but do no damage.
You headbutt the red draconian.
The red draconian is lightly wounded.
The large abomination hits you!!
You die...

## #:( .
..
....#h###
.....hX@#
.....hd##
....vvx
..°°○B⌠
.......
......≈
.#≈#..≈
≈?...≈


You could see a red draconian, a boulder beetle, a spatial maelstrom, a spatial
vortex, an ancient zyme, a large abomination and 3 raiju.

Vanquished Creatures
  the Lernaean hydra (Swamp:4)
  Arachne (Spider:2)
  The ghost of Sassenached the Warrior, an adept PaWn of Okawaru (Vaults:2)
  A tentacled monstrosity (Swamp:4)
  A lich (Vaults:5)
  A quicksilver dragon (Vaults:3)
  4 titans
  2 sphinxes
  Kirke (Spider:1)
  3 tengu reavers
  2 shadow dragons (Vaults:4)
  A thorn hunter (Swamp:4)
  2 storm dragons (Vaults:4)
  The ghost of Sassenached the Warrior, a journeyman DgWn (Spider:1)
  Roxanne (Swamp:3)
  3 deep elf sorcerers
  13 vault wardens
  The ghost of Vicugh the Earth Mage, a journeyman GrEE of Okawaru (Lair:6)
  4 emperor scorpions
  2 frost giants
  6 ghost moths
  An orc warlord (Bailey)
  Aizul (Spider:2)
  12 ironheart preservers
  4 stone giants
  A juggernaut zombie (D:15)
  5 very ugly things (Vaults:4)
  Nessos (D:12)
  A deep elf demonologist (Vaults:2)
  5 entropy weavers
  4 bunyips
  Snorg (Orc:1)
  2 minotaurs
  An eidolon (Abyss:2)
  4 eleionomae
  A spark wasp (Spider:3)
  4 ettins
  Josephine (D:11)
  8 yaktaur captains
  2 fire dragons
  A deep elf high priest (Vaults:4)
  27 vault guards
  Fannar (Lair:2)
  27 hydras
  3 ghost crabs
  6 centaur warriors
  16 boulder beetles
  A catoblepas (Lair:3)
  The ghost of Killmatronix the Slinger, a journeyman OpHu of Gozag (Lair:1)
  3 ice dragons
  8 two-headed ogres
  An ogre mage (Vaults:3)
  3 death knights
  8 alligators
  A queen ant (Lair:5)
  4 deep troll shamans
  4 deep troll earth magi
  3 death yaks (Lair:6)
  3 thrashing horrors (Abyss:3)
  3 tengu warriors
  The ghost of Jaiteiro the Cleaver, a journeyman VSFi of the Shining One (D:9)
  2 orc high priests
  A soul eater (Gauntlet)
  A shadow wraith (Vaults:5)
  2 deep elf knights
  A sixfirhy (Abyss:2)
  A fire crab (Gauntlet)
  2 fire crabs (shapeshifter)
  A spatial maelstrom (Abyss:2)
  A death drake (Swamp:2)
  16 skeletal warriors
  2 goliath frogs (Swamp:2)
  9 wizards
  2 unseen horrors
  6 large abominations
  13 deep trolls
  17 bog bodies
  4 flayed ghosts
  4 spectral hydras (Swamp:2)
  4 spriggan druids
  14 swamp dragons
  16 orc knights
  12 ironbrand convokers
  4 phantasmal warriors
  6 harpies
  A harpy (shapeshifter) (Vaults:1)
  2 necromancers
  An orb spider (shapeshifter) (Vaults:2)
  17 ugly things
  3 wolf spider zombies
  34 wolf spiders
  24 orb spiders
  2 lindwurms
  A frost giant zombie (D:15)
  4 orc sorcerers
  An oklob plant (D:11)
  2 manticores
  9 deep elf magi
  6 cyclopes
  6 goliath frog zombies (Swamp:2)
  A tengu skeleton (Vaults:3)
  3 will-o-the-wisps
  4 black mambas
  A frost giant skeleton (Vaults:3)
  2 moths of wrath
  5 human skeletons (Vaults:3)
  9 elephants
  2 gargoyles
  Psyche (D:8)
  13 cane toads
  7 vault sentinels
  A guardian serpent (Abyss:2)
  2 stone giant skeletons
  A smoke demon (Abyss:2)
  9 centaur skeletons
  An ice statue (Lair:2)
  A hellion (Abyss:2)
  A swamp worm zombie (Swamp:2)
  7 torpor snails
  An elf zombie (D:15)
  4 efreet
  44 yaktaurs
  14 rime drakes
  An ice devil (Lair:2)
  2 kobold demonologists
  13 demonic crawlers
  13 freezing wraiths
  An ancient zyme (Abyss:2)
  12 komodo dragons
  A yaktaur skeleton (Vaults:3)
  An entropy weaver simulacrum (Vaults:1)
  A komodo dragon (shapeshifter) (Vaults:1)
  5 hellwings (Abyss:2)
  6 trolls
  44 jumping spiders
  3 meliai (Spider:2)
  17 tyrant leeches
  14 hornets
  A polar bear (shapeshifter) (Vaults:1)
  A wind drake (shapeshifter) (Vaults:2)
  3 polar bears
  2 alligator zombies (Swamp:2)
  A raiju (Abyss:3)
  A frost giant simulacrum (Vaults:1)
  7 dream sheep (Lair:4)
  27 blink frogs
  A fire giant simulacrum (Vaults:2)
  A raiju (shapeshifter) (Vaults:4)
  Prince Ribbit (Lair:3)
  2 meliai zombies
  2 spectral swamp dragons (Swamp:2)
  A stone giant simulacrum (Vaults:1)
  4 shadows
  2 vampires (D:14)
  2 ettin skeletons (Vaults:3)
  78 redbacks
  8 wraiths
  54 yaks
  5 spriggans
  2 fire elementals (Volcano)
  22 tarantellas
  14 wyverns
  11 fire bats
  4 tyrant leech zombies (Swamp:2)
  A neqoxec (Abyss:2)
  A steam dragon (shapeshifter) (Vaults:4)
  4 hogs (Spider:1)
  7 basilisks
  A steam dragon (Lair:5)
  Grum (D:8)
  5 vampire mosquitoes
  10 wargs
  4 acid dragons
  10 swamp worms
  26 soldier ants
  7 water moccasins
  3 hell hounds (Gauntlet)
  Duvessa (D:7)
  8 swamp drakes
  15 ice beasts
  2 black bears (D:10)
  3 phantoms
  3 sky beasts
  56 orc warriors
  A boulder beetle simulacrum (Vaults:2)
  A hornet zombie (D:9)
  6 starcursed masses (Abyss:2)
  3 necrophages
  10 centaurs
  16 ogres
  14 wolves
  A swamp dragon skeleton (Abyss:2)
  4 big kobolds
  20 bullfrogs
  A wyvern zombie (D:8)
  Dowan (D:7)
  An earth elemental (Abyss:2)
  4 small abominations
  2 troll zombies (Swamp:2)
  4 scorpions
  16 killer bees
  14 wights
  2 human simulacra
  17 howler monkeys
  6 jellies
  2 electric eels
  A crimson imp (D:13)
  Crazy Yiuf (D:2)
  10 hounds
  25 orc priests
  A bullfrog skeleton (D:5)
  Terence (D:2)
  10 iguanas
  26 orc wizards
  28 worker ants
  12 hell rats
  2 hound zombies
  A hound skeleton (D:5)
  A howler monkey zombie (D:9)
  8 gnolls
  A howler monkey skeleton (D:11)
  13 adders
  5 river rats (Sewer)
  2 shadow imps (Gauntlet)
  5 white imps
  3 ufetubi
  An ooze (D:5)
  An adder skeleton (D:8)
  5 worms
  3 dart slugs
  8 leopard geckos
  120 orcs
  7 giant cockroaches
  13 hobgoblins
  12 jackals
  27 kobolds
  8 quokkas
  4 ball pythons
  9 bats
  9 frilled lizards
  17 goblins
  3 quokka skeletons
  16 rats
  2 briar patches (Swamp:4)
  A fire vortex (Lair:5)
  2 pillars of salt (Vaults:3)
1753 creatures vanquished.

Vanquished Creatures (collateral kills)
  A boulder beetle (Vaults:5)
  An orb spider (Spider:4)
  2 ugly things (D:14)
  A spriggan skeleton (D:15)
5 creatures vanquished.

Vanquished Creatures (others)
  A golden dragon (Vaults:4)
  4 azure jellies
  A vault warden (Vaults:1)
  A ghost moth (Spider:4)
  A ghost moth (shapeshifter) (Vaults:5)
  An emperor scorpion (Spider:4)
  A stone giant (Vaults:2)
  A death ooze (Vaults:5)
  A deep elf annihilator (Vaults:5)
  An ettin (shapeshifter) (Vaults:5)
  An ettin (D:13)
  A great orb of eyes (Vaults:5)
  A fire dragon (Vaults:2)
  A hydra (D:12)
  2 centaur warriors
  An ogre mage (Vaults:1)
  2 deep elf knights (Vaults:2)
  A wretched star (Abyss:2)
  A goliath frog (Swamp:1)
  2 glowing orange brains
  A harpy (Vaults:1)
  2 ironbrand convokers
  2 cyclopes (D:15)
  2 deep elf magi (Vaults:2)
  A wolf spider (Vaults:2)
  A vault sentinel (Vaults:3)
  5 yaktaurs
  A freezing wraith (Vaults:2)
  38 slime creatures
  5 bloated husks
  2 hornets (Spider:4)
  A redback (Spider:2)
  A yak (D:12)
  3 tarantellas
  A wyvern (D:15)
  3 vampire mosquitoes (Swamp:1)
  A yak (shapeshifter) (Vaults:4)
  A basilisk (shapeshifter) (D:13)
  An ice beast (shapeshifter) (D:13)
  2 orc warriors (D:12)
  A sky beast (D:13)
  2 swamp drakes
  An eye of draining (D:14)
  2 bullfrogs (D:13)
  An orc simulacrum (Vaults:2)
  An elf simulacrum (Vaults:3)
  An orc priest (D:12)
  3 orc wizards
  175 jellies
  A white imp (D:7)
  A leopard gecko (D:7)
  12 orcs
  22 foxfires
  40 fungi
  2 lurking horrors (Spider:2)
  10 pillars of salt (Vaults:3)
  109 plants
  14 withered plants
498 creatures vanquished.

Grand Total: 2256 creatures vanquished

Notes
Turn   | Place    | Note
-------+----------+-------------------------------------------
     0 | D:1      | Dirian the Minotaur Fighter began the quest for the Orb.
     0 | D:1      | Reached XP level 1. HP: 19/19 MP: 0/0
   124 | D:1      | Reached XP level 2. HP: 27/27 MP: 1/1
   610 | D:1      | Reached skill level 1 in Evocations
   804 | D:2      | Reached XP level 3. HP: 31/33 MP: 2/2
  1137 | D:2      | Noticed an ogre
  1467 | D:2      | Noticed Terence
  1473 | D:2      | Killed Terence
  1474 | D:2      | Reached XP level 4. HP: 40/40 MP: 3/3
  1707 | D:2      | Reached skill level 4 in Fighting
  1707 | D:2      | Reached skill level 1 in Dodging
  1738 | D:2      | Found an ornate altar of the Wu Jian Council.
  1805 | D:2      | Found a runed translucent door.
  1806 | D:2      | Noticed Crazy Yiuf
  1967 | D:2      | Killed Crazy Yiuf
  1968 | D:2      | Reached XP level 5. HP: 46/46 MP: 4/4
  2896 | D:3      | Reached skill level 5 in Armour
  2899 | D:3      | Reached XP level 6. HP: 5/52 MP: 5/5
  3174 | D:3      | Found a basalt altar of Yredelemnul.
  3176 | D:3      | Found a stormy altar of Qazlal.
  3176 | D:3      | Found a sacrificial altar of Ru.
  3186 | D:3      | Found a snail-covered altar of Cheibriados.
  3186 | D:3      | Found a sacrificial altar of Ru.
  3186 | D:3      | Found a shimmering altar of Xom.
  3644 | D:4      | Found a shadowy altar of Dithmenos.
  3644 | D:4      | Found a burning altar of Makhleb.
  3659 | D:4      | Found an iron altar of Okawaru.
  3904 | D:4      | Reached skill level 5 in Long Blades
  3904 | D:4      | Reached XP level 7. HP: 60/60 MP: 6/6
  4060 | D:5      | Entered Level 5 of the Dungeon
  4097 | D:5      | Reached skill level 5 in Shields
  4139 | D:5      | Found a glowing drain.
  4148 | Sewer    | Entered a sewer
  5186 | D:5      | Reached XP level 8. HP: 67/67 MP: 7/7
  5350 | D:6      | Reached skill level 5 in Fighting
  5364 | D:6      | Got a shimmering ruby amulet
  5380 | D:6      | Identified the amulet "Muklock" {Reflect +Blink rN+ SH+5
                  | Stlth+} (You found it on level 6 of the Dungeon)
  6264 | D:7      | Found a flagged portal.
  6288 | Bailey   | Entered a bailey
  6304 | Bailey   | Noticed an orc warlord
  6396 | Bailey   | Reached XP level 9. HP: 74/75 MP: 8/8
  6467 | Bailey   | Found a runed translucent gate.
  6472 | Bailey   | Found a runed translucent gate.
  6474 | Bailey   | Found a runed translucent gate.
  6573 | Bailey   | Killed an orc warlord
  6574 | Bailey   | Reached skill level 6 in Fighting
  6574 | Bailey   | Reached skill level 10 in Long Blades
  6574 | Bailey   | Reached skill level 5 in Dodging
  6574 | Bailey   | Reached skill level 5 in Evocations
  6905 | Bailey   | Got a glittering turquoise ring
  6914 | Bailey   | Identified 2 scrolls of acquirement
  6914 | Bailey   | Acquired 908 gold pieces
  6916 | Bailey   | Identified the ring "Feno" {*Tele rF+ rC+ rN+ Int+4} (You
                  | found it in a bailey)
  7242 | D:7      | Found a staircase to the Ecumenical Temple.
  7251 | Temple   | Entered the Ecumenical Temple
  7335 | D:7      | Noticed Dowan
  7339 | D:7      | Noticed Duvessa
  7360 | D:7      | Killed Duvessa
  7399 | D:7      | Killed Dowan
  7564 | D:7      | Found a shimmering blue altar of Sif Muna.
  7846 | D:8      | Reached skill level 7 in Fighting
  7846 | D:8      | Reached XP level 10. HP: 61/86 MP: 9/9
  8183 | D:8      | Noticed a two-headed ogre
  8622 | D:8      | Got a pitted lead ring
  8623 | D:8      | Identified the ring "Minegat" {AC+4 Str+5 Stlth-} (You
                  | found it on level 8 of the Dungeon)
  8732 | D:8      | Killed a two-headed ogre
  9235 | D:8      | Noticed Grum
  9239 | D:8      | Reached skill level 8 in Fighting
  9245 | D:8      | Killed Grum
  9342 | D:8      | Noticed Psyche
  9349 | D:8      | Killed Psyche
  9735 | D:9      | Found a transporter.
  9813 | D:9      | Noticed Jaiteiro's ghost (journeyman VSFi)
  9822 | D:9      | Found a transporter.
 10018 | D:9      | Noticed a tengu warrior
 10040 | D:9      | Found a sacrificial altar of Ru.
 10041 | D:9      | Found a blossoming altar of Fedhas.
 10103 | D:9      | Reached XP level 11. HP: 95/95 MP: 10/10
 10444 | D:10     | Entered Level 10 of the Dungeon
 10444 | D:10     | Found Hede Nax's Assorted Antiques.
 10488 | D:10     | Reached skill level 9 in Fighting
 10490 | D:10     | Reached skill level 10 in Armour
 10595 | D:10     | Bought a jewelled bronze wand for 128 gold pieces
 10595 | D:10     | Bought 2 viscous black potions for 57 gold pieces
 10595 | D:10     | Bought a potion of berserk rage for 160 gold pieces
 10658 | D:10     | Found Geebap's Armour Shop.
 10986 | D:10     | Found Ful Roapu's Antique Weapon Shop.
 11036 | D:10     | Found a blossoming altar of Fedhas.
 11431 | D:10     | Found Qintuotta's Antique Weapon Emporium.
 11478 | D:10     | Found Riaf's Armour Shop.
 11544 | D:10     | Bought the +2 pair of boots of Pride {rF+} for 484 gold
                  | pieces
 11544 | D:10     | Bought a +2 cloak for 280 gold pieces
 11567 | D:10     | Acquired 781 gold pieces
 11692 | D:11     | Noticed Josephine
 11697 | D:11     | Noticed a two-headed ogre
 11698 | D:11     | Noticed an oklob plant
 11721 | D:11     | Killed Josephine
 11727 | D:11     | Killed a two-headed ogre
 11889 | D:11     | Found a staircase to the Lair.
 11979 | D:11     | Reached skill level 10 in Fighting
 12417 | D:11     | Noticed a two-headed ogre
 12432 | D:11     | Killed a two-headed ogre
 12438 | D:11     | Noticed a white ugly thing
 12453 | D:11     | Killed a white ugly thing
 12457 | D:11     | Reached XP level 12. HP: 91/106 MP: 11/11
 13392 | Lair:1   | Entered Level 1 of the Lair of Beasts
 13480 | Lair:1   | Found a runed translucent gate.
 13481 | Lair:1   | Found a runed translucent gate.
 13481 | Lair:1   | Found a runed translucent gate.
 13484 | Lair:1   | Noticed Killmatronix's ghost (journeyman OpHu)
 13487 | Lair:1   | Noticed a minotaur
 13493 | Lair:1   | Noticed an eight-headed hydra
 13505 | Lair:1   | Killed a one-headed hydra
 13831 | Lair:1   | Found a hide-covered altar of Uskayaw.
 13831 | Lair:1   | Found an ornate altar of the Wu Jian Council.
 13831 | Lair:1   | Noticed a boulder beetle
 13838 | Lair:1   | Killed a boulder beetle
 14795 | Lair:2   | Found a staircase to the Swamp.
 14924 | Lair:2   | Noticed a four-headed hydra
 14931 | Lair:2   | Killed a one-headed hydra
 14932 | Lair:2   | Reached skill level 11 in Fighting
 15033 | Lair:2   | Found a hole to the Spider Nest.
 15073 | Lair:2   | Reached skill level 15 in Long Blades
 15740 | Lair:2   | Noticed Fannar
 15763 | Lair:2   | Killed Fannar
 15999 | Lair:2   | Reached XP level 13. HP: 116/116 MP: 12/12
 16067 | Lair:2   | Reached skill level 10 in Shields
 16810 | Lair:3   | Noticed Prince Ribbit
 16822 | Lair:3   | Killed Prince Ribbit
 18159 | Lair:4   | Found a gate leading to a gauntlet.
 18178 | Gauntlet | Entered a Gauntlet
 18178 | Gauntlet | Found a transporter.
 18178 | Gauntlet | Found a transporter.
 18308 | Gauntlet | Found a transporter.
 18312 | Gauntlet | Found a transporter.
 18321 | Gauntlet | Found a transporter.
 18324 | Gauntlet | Found a transporter.
 18332 | Gauntlet | Found a transporter.
 18348 | Gauntlet | Found a transporter.
 18348 | Gauntlet | Noticed a blizzard demon
 18362 | Gauntlet | Found a transporter.
 18366 | Gauntlet | Found a transporter.
 18374 | Gauntlet | Found a transporter.
 18378 | Gauntlet | Found a transporter.
 18681 | Gauntlet | Identified a +0 pair of boots of running (You found it in a
                  | Gauntlet)
 18739 | Gauntlet | Reached skill level 12 in Fighting
 18910 | Gauntlet | Got a twisted hat
 18915 | Gauntlet | Identified the +0 hat "Pepna Jol" {rPois rN+++ Regen+
                  | Dex-2} (You found it in a Gauntlet)
 19069 | Gauntlet | Noticed a minotaur
 19089 | Gauntlet | Killed a minotaur
 19239 | Lair:4   | Found a snail-covered altar of Cheibriados.
 19830 | Lair:4   | Reached XP level 14. HP: 111/127 MP: 13/13
 19945 | Lair:5   | Found a dark tunnel.
 19954 | Volcano  | Entered a volcano
 21004 | Lair:5   | Found a viscous altar of Jiyva.
 21005 | Lair:5   | Found a staircase to the Slime Pits.
 21253 | Lair:6   | Entered Level 6 of the Lair of Beasts
 21360 | Lair:6   | Reached skill level 13 in Fighting
 21796 | Lair:6   | Found a runed translucent door.
 21880 | Lair:6   | Noticed Vicugh's ghost (journeyman GrEE)
 22257 | Lair:6   | Found a runed translucent door.
 22395 | Lair:6   | Paralysed by a hornet for 2 turns
 22662 | Lair:6   | Reached XP level 15. HP: 137/137 MP: 14/14
 22723 | Lair:6   | Killed Vicugh's ghost
 22882 | Lair:4   | Reached skill level 10 in Evocations
 22973 | Lair:4   | Reached skill level 1 in Invocations
 22997 | Lair:4   | Reached skill level 14 in Fighting
 23107 | Lair:4   | Acquired 573 gold pieces
 23171 | Lair:5   | Became a worshipper of Jiyva Jafeex the Shapeless
 23734 | Lair:2   | Reached skill level 15 in Shields
 23738 | Lair:2   | Got a vibrating glass ring
 23750 | Lair:2   | Identified the ring of Oppyghy {Ice rPois} (You found it on
                  | level 2 of the Lair of Beasts)
 23873 | Lair:1   | Killed Killmatronix's ghost
 24097 | Lair:1   | Reached * piety under Jiyva
 24337 | D:12     | Noticed Nessos
 24338 | D:12     | Found Xeotil's Distillery.
 24344 | D:12     | Killed Nessos
 24361 | D:12     | Reached ** piety under Jiyva
 24369 | D:12     | Found Foevuf's Distillery.
 24529 | D:12     | Found a staircase to the Orcish Mines.
 24552 | D:12     | Reached *** piety under Jiyva
 24561 | D:12     | Gained mutation: Your body has grown golden eyes which may
                  | confuse attackers. (Acc +3) [Jiyva's grace]
 24561 | D:12     | Reached **** piety under Jiyva
 24567 | D:12     | Gained mutation: You are frail. (-10% HP) [Jiyva's grace]
 24567 | D:12     | Reached ***** piety under Jiyva
 24580 | D:12     | Found Cefem's Assorted Antiques.
 24739 | D:12     | Gained mutation: Armour fits poorly on your pseudopods.
                  | [Jiyva's grace]
 24748 | D:12     | Found Ziyfam's Gadget Emporium.
 24759 | D:12     | Got a scorched bronze ring
 25336 | D:13     | Reached skill level 5 in Invocations
 25467 | D:13     | Reached skill level 15 in Fighting
 25669 | D:13     | Reached ****** piety under Jiyva
 25672 | D:13     | Gained mutation: You have supernaturally acute eyesight.
                  | (SInv) [Jiyva's grace]
 25713 | D:13     | Lost mutation: Your body has grown golden eyes which may
                  | confuse attackers. (Acc +3) [Jiyva's grace]
 25798 | D:13     | Identified the ring of Cuvveiq {rPois Will+ Str-4 Int+3
                  | Stlth+} (You found it on level 12 of the Dungeon)
 25955 | D:14     | Found a gate to the Vaults.
 25991 | D:14     | Gained mutation: You are resistant to electric shocks.
                  | (rElec) [Jiyva's grace]
 26023 | D:14     | Gained mutation: You are partially covered in thin metallic
                  | scales. (AC +2) [Jiyva's grace]
 26543 | D:15     | Entered Level 15 of the Dungeon
 26844 | D:15     | Found a staircase to the Depths.
 26890 | D:15     | Reached skill level 16 in Fighting
 26939 | D:15     | Gained mutation: You tend to lose your temper in combat.
                  | [Jiyva's grace]
 26980 | D:15     | Reached XP level 16. HP: 117/135 MP: 20/20
 27010 | D:15     | Gained mutation: You are agile. (Dex +2) [Jiyva's grace]
 27043 | D:15     | Found a shadowy altar of Dithmenos.
 27213 | D:15     | Lost mutation: You are resistant to electric shocks.
                  | (rElec) [Jiyva's grace]
 27496 | D:11     | Gained mutation: You have a small jelly attached to you
                  | that senses nearby items. [Jiyva's grace]
 27637 | Slime:1  | Entered Level 1 of the Pits of Slime
 27639 | Slime:1  | Found a viscous altar of Jiyva.
 27674 | Slime:5  | Entered Level 5 of the Pits of Slime
 27675 | Slime:5  | Noticed an acid blob
 27680 | Slime:5  | Lost mutation: You are frail. (-10% HP) [Jiyva's grace]
 27684 | Slime:5  | Lost mutation: You are agile. (Dex +2) [Jiyva's grace]
 27686 | Slime:5  | Found a viscous altar of Jiyva.
 27688 | Slime:5  | Noticed an acid blob
 27689 | Slime:5  | Lost mutation: You tend to lose your temper in combat.
                  | [Jiyva's grace]
 27691 | Slime:5  | Noticed the Royal Jelly
 27694 | Slime:5  | Noticed an acid blob
 27702 | Slime:5  | Noticed an acid blob
 27707 | Slime:5  | Noticed an acid blob
 27707 | Slime:5  | Noticed an acid blob
 27717 | Slime:5  | Got a polished plate armour
 27719 | Slime:5  | Got a slimy rune of Zot
 27721 | Slime:5  | Got a warped mace
 27748 | Slime:5  | Identified the cursed +0 plate armour of Fun {Regen+} (You
                  | found it on level 5 of the Pits of Slime)
 27753 | Slime:5  | Identified the +4 mace of Expedience {pain, rElec Int+2
                  | Stlth-} (You found it on level 5 of the Pits of Slime)
 27775 | Slime:5  | Noticed an acid blob
 27777 | Slime:5  | Noticed an acid blob
 27812 | Slime:1  | Noticed an acid blob
 27900 | Lair:2   | Gained mutation: You have acidic saliva. [Jiyva's grace]
 28038 | D:9      | Killed Jaiteiro's ghost
 28144 | D:9      | Lost mutation: You have a small jelly attached to you that
                  | senses nearby items. [Jiyva's grace]
 28193 | Orc:1    | Entered Level 1 of the Orcish Mines
 28222 | Orc:1    | Found Zakloroth's Gadget Emporium.
 28336 | Orc:1    | Lost mutation: Armour fits poorly on your pseudopods.
                  | [Jiyva's grace]
 28375 | Orc:1    | Gained mutation: You are agile. (Dex +2) [Jiyva's grace]
 28575 | Orc:2    | Entered Level 2 of the Orcish Mines
 28622 | Orc:2    | Reached skill level 15 in Armour
 28673 | Orc:2    | Found a burning altar of Makhleb.
 28676 | D:8      | Gained mutation: You have sharp toenails. [Jiyva's grace]
 28722 | Orc:2    | Paralysed by an orc sorcerer for 2 turns
 28772 | Orc:2    | Noticed Jorgrun
 28794 | Orc:2    | Slimified Jorgrun
 28794 | Orc:2    | Noticed Jorgrun
 28794 | Orc:2    | Jorgrun changed into Jorgrun the acid blob
 28810 | Orc:2    | Lost mutation: You have acidic saliva. [Jiyva's grace]
 28812 | Orc:2    | Found a roughly hewn altar of Beogh.
 28891 | Orc:2    | Gained mutation: You are very agile. (Dex +4) [Jiyva's
                  | grace]
 28897 | Orc:2    | Found a roughly hewn altar of Beogh.
 29050 | Orc:2    | Found Zickoy's Book Boutique.
 29096 | Orc:2    | Found a staircase to the Elven Halls.
 29117 | Orc:2    | Gained mutation: Your magical capacity is low. (-10% MP)
                  | [Jiyva's grace]
 29183 | Orc:2    | Gained mutation: You are covered in slimy tendrils that may
                  | disarm your opponents. [Jiyva's grace]
 29201 | Orc:2    | Found Aqimon's General Store.
 29201 | Orc:2    | Found Duerphamn's General Store.
 29280 | Orc:2    | Found a roughly hewn altar of Beogh.
 29299 | Orc:2    | Found Rootad's General Store.
 29328 | Orc:2    | Lost mutation: Your magical capacity is low. (-10% MP)
                  | [Jiyva's grace]
 29329 | Orc:2    | Bought a scroll of enchant weapon for 105 gold pieces
 29335 | Orc:2    | Found Umel's Book Emporium.
 29346 | Orc:2    | Reached skill level 17 in Fighting
 29398 | Orc:2    | Gained mutation: Your translucent skin slightly reduces
                  | your foes' accuracy. (Stealth) [Jiyva's grace]
 29406 | Orc:2    | Gained mutation: You tend to lose your temper in combat.
                  | [Jiyva's grace]
 29440 | Orc:1    | Found a burning altar of Makhleb.
 29440 | Orc:1    | Noticed Snorg
 29461 | Orc:1    | Killed Snorg
 29896 | D:11     | Lost mutation: You tend to lose your temper in combat.
                  | [Jiyva's grace]
 29989 | Spider:1 | Entered Level 1 of the Spider Nest
 30520 | Spider:1 | Noticed Kirke
 30546 | Spider:1 | Noticed a sphinx
 30546 | Spider:1 | Killed Kirke
 30581 | Spider:1 | Lost mutation: You are very agile. (Dex +4) [Jiyva's grace]
 30981 | Spider:1 | Found a runed translucent gate.
 30981 | Spider:1 | Found a runed translucent gate.
 30981 | Spider:1 | Found a runed translucent gate.
 30981 | Spider:1 | Noticed Sassenached's ghost (journeyman DgWn)
 31056 | Spider:1 | Killed Sassenached's ghost
 31083 | Spider:1 | Identified Ciry's Lost Secrets of Witchery
 31272 | Spider:2 | Found a corrupted altar of Lugonu.
 31401 | Spider:2 | Found a one-way gate to the infinite horrors of the Abyss.
 31460 | Spider:2 | Reached skill level 10 in Invocations
 31632 | Spider:2 | Reached skill level 18 in Fighting
 31633 | Spider:2 | Noticed Aizul
 31637 | Spider:2 | Gained mutation: You have acidic saliva. [Jiyva's grace]
 31645 | Spider:2 | Killed Aizul
 31849 | Spider:2 | Lost mutation: You are covered in slimy tendrils that may
                  | disarm your opponents. [Jiyva's grace]
 32200 | Spider:2 | Reached XP level 17. HP: 127/166 MP: 17/23
 32280 | Spider:2 | Lost mutation: You have sharp toenails. [Jiyva's grace]
 32335 | Spider:4 | Entered Level 4 of the Spider Nest
 32431 | Spider:3 | Noticed Arachne
 32549 | Spider:2 | Killed Arachne
 33359 | Spider:3 | Reached skill level 19 in Fighting
 33382 | Spider:3 | Gained mutation: Your flesh is cold resistant. (rC+)
                  | [Jiyva's grace]
 33666 | Spider:4 | Gained mutation: You are resistant to electric shocks.
                  | (rElec) [Jiyva's grace]
 33757 | Spider:4 | Lost mutation: You are agile. (Dex +2) [Jiyva's grace]
 33861 | Spider:4 | Lost mutation: Your translucent skin slightly reduces your
                  | foes' accuracy. (Stealth) [Jiyva's grace]
 34733 | Spider:4 | Got a gossamer rune of Zot
 35125 | Spider:4 | Gained mutation: You have a beak for a mouth. [Jiyva's
                  | grace]
 35258 | Swamp:1  | Entered Level 1 of the Swamp
 35411 | Swamp:1  | Reached skill level 20 in Fighting
 35456 | Swamp:1  | Gained mutation: You have a small jelly attached to you
                  | that may absorb incoming projectiles. [Jiyva's grace]
 35500 | Swamp:1  | Reached XP level 18. HP: 156/178 MP: 26/26
 36165 | Swamp:2  | Gained mutation: You are covered in slimy tendrils that may
                  | disarm your opponents. [Jiyva's grace]
 36281 | Swamp:2  | Identified the cursed +1 falchion "Ysot" {freeze, rPois rF+
                  | Dex+5} (You found it on level 2 of the Swamp)
 36387 | Swamp:2  | Gained mutation: Your skin changes colour to match your
                  | surroundings (Stealth+). [Jiyva's grace]
 37040 | Swamp:3  | Lost mutation: You are resistant to electric shocks.
                  | (rElec) [Jiyva's grace]
 37062 | Swamp:3  | Lost mutation: Your flesh is cold resistant. (rC+) [Jiyva's
                  | grace]
 37212 | Swamp:3  | Gained mutation: Armour fits poorly on your pseudopods.
                  | [Jiyva's grace]
 37223 | Swamp:3  | Identified Roxanne's Guide on Clay
 37223 | Swamp:3  | Noticed Roxanne
 37238 | Swamp:3  | Killed Roxanne
 37299 | Swamp:3  | Identified the cursed +0 hand axe of Wyn Otone {venom,
                  | Will+ Int+3 Dex+3 SInv} (You found it on level 3 of the
                  | Swamp)
 37304 | Swamp:3  | Identified the cursed +0 leather armour of Discretion
                  | {Str+2} (You found it on level 3 of the Swamp)
 37562 | Swamp:4  | Entered Level 4 of the Swamp
 37562 | Swamp:4  | Noticed a tentacled monstrosity
 37571 | Swamp:4  | Killed a tentacled monstrosity
 37572 | Swamp:4  | Reached skill level 21 in Fighting
 37851 | Swamp:4  | Lost mutation: Your skin changes colour to match your
                  | surroundings (Stealth+). [Jiyva's grace]
 37851 | Swamp:4  | Gained mutation: Your translucent skin slightly reduces
                  | your foes' accuracy. (Stealth) [Jiyva's grace]
 38009 | Swamp:4  | Noticed the 27-headed Lernaean hydra
 38020 | Swamp:4  | Killed the 23-headed Lernaean hydra
 38106 | Swamp:4  | Lost mutation: You have a beak for a mouth. [Jiyva's grace]
 38115 | Swamp:4  | Lost mutation: You have supernaturally acute eyesight.
                  | (SInv) [Jiyva's grace]
 38120 | Swamp:4  | Gained mutation: You possess an exceptional clarity of
                  | mind. [Jiyva's grace]
 38129 | Swamp:4  | Reached XP level 19. HP: 190/190 MP: 28/28
 38171 | Swamp:4  | Got a decaying rune of Zot
 38608 | Lair:1   | Lost mutation: You are partially covered in thin metallic
                  | scales. (AC +2) [Jiyva's grace]
 38732 | Vaults:1 | Entered Level 1 of the Vaults
 38893 | Vaults:1 | Reached skill level 22 in Fighting
 39030 | Vaults:1 | Gained mutation: Your flesh is cold resistant. (rC+)
                  | [Jiyva's grace]
 39032 | Vaults:1 | Found Wyasso's Jewellery Boutique.
 39077 | Vaults:1 | Lost mutation: Armour fits poorly on your pseudopods.
                  | [Jiyva's grace]
 39090 | Vaults:1 | Gained mutation: You have supernaturally acute eyesight.
                  | (SInv) [Jiyva's grace]
 39259 | Vaults:1 | Gained mutation: You are strong-willed. (Will+) [Jiyva's
                  | grace]
 39406 | Vaults:1 | Found Rest's Distillery.
 39409 | Vaults:1 | Found Estrubre's Distillery.
 39428 | Vaults:1 | Found Huojaqu's Jewellery Shop.
 39429 | Vaults:1 | Gained mutation: Your flesh is heat resistant. (rF+)
                  | [Jiyva's grace]
 39434 | Vaults:1 | Gained mutation: Your flesh is very cold resistant. (rC++)
                  | [Jiyva's grace]
 39530 | Vaults:1 | Found the +7 Kryia's mail coat {PotionHeal*2 rC+}
 39573 | Vaults:1 | Found Vum Dosu's Antique Armour Shop.
 40039 | Vaults:2 | Gained mutation: You are agile. (Dex +2) [Jiyva's grace]
 40149 | Vaults:2 | Lost mutation: You are covered in slimy tendrils that may
                  | disarm your opponents. [Jiyva's grace]
 40164 | Vaults:2 | Found a runed translucent gate.
 40164 | Vaults:2 | Found a runed translucent gate.
 40164 | Vaults:2 | Found a runed translucent gate.
 40165 | Vaults:2 | Found an opulent altar of Gozag.
 40166 | Vaults:2 | Noticed Sassenached's ghost (adept PaWn)
 40204 | Vaults:2 | Killed Sassenached's ghost
 40257 | Vaults:2 | Lost mutation: You possess an exceptional clarity of mind.
                  | [Jiyva's grace]
 40276 | Vaults:2 | Gained mutation: You are frail. (-10% HP) [Jiyva's grace]
 40463 | Vaults:2 | Paralysed by a wizard for 5 turns
 40508 | Vaults:2 | Cast into level 2 of the Abyss (a deep elf sorcerer)
 40557 | Abyss:2  | Noticed a bone dragon
 40841 | Abyss:2  | Found a corrupted altar of Lugonu.
 40919 | Abyss:2  | Found a snail-covered altar of Cheibriados.
 40946 | Vaults:2 | Escaped the Abyss
 41162 | Vaults:2 | Lost mutation: Your translucent skin slightly reduces your
                  | foes' accuracy. (Stealth) [Jiyva's grace]
 41549 | Vaults:2 | Reached XP level 20. HP: 181/181 MP: 30/30
 41617 | Vaults:2 | You fall into a shaft and drop 2 floors!
 41752 | Vaults:4 | Reached skill level 15 in Invocations
 41793 | Vaults:4 | Found a huge runed gate.
 41793 | Vaults:4 | Found a huge runed gate.
 41796 | Vaults:4 | Found a huge runed gate.
 41796 | Vaults:4 | Found a huge runed gate.
 41802 | Vaults:4 | Found a huge runed gate.
 41962 | Vaults:4 | Found a huge runed gate.
 41964 | Vaults:4 | Found a huge runed gate.
 41965 | Vaults:4 | Found a huge runed gate.
 41965 | Vaults:4 | Found a huge runed gate.
 41965 | Vaults:4 | Found a huge runed gate.
 41966 | Vaults:4 | Found a huge runed gate.
 41966 | Vaults:4 | Found a huge runed gate.
 41967 | Vaults:4 | Found a huge runed gate.
 41968 | Vaults:4 | Found a huge runed gate.
 41969 | Vaults:4 | Found a huge runed gate.
 41977 | Vaults:4 | Found a huge runed gate.
 41977 | Vaults:4 | Found a huge runed gate.
 41977 | Vaults:4 | Found a huge runed gate.
 41977 | Vaults:4 | Found a huge runed gate.
 41977 | Vaults:4 | Found a huge runed gate.
 41977 | Vaults:4 | Found a huge runed gate.
 41977 | Vaults:4 | Found a huge runed gate.
 41978 | Vaults:4 | Found a huge runed gate.
 41979 | Vaults:4 | Found a huge runed gate.
 41991 | Vaults:4 | Found a huge runed gate.
 41991 | Vaults:4 | Found a huge runed gate.
 41991 | Vaults:4 | Found a huge runed gate.
 41991 | Vaults:4 | Found a huge runed gate.
 41991 | Vaults:4 | Found a huge runed gate.
 41991 | Vaults:4 | Found a huge runed gate.
 41992 | Vaults:4 | Found a huge runed gate.
 42097 | Vaults:3 | Found a ruined gateway.
 42167 | Vaults:3 | Gained mutation: You are surrounded by a mild repulsion
                  | field. (EV +2) [Jiyva's grace]
 42183 | Vaults:3 | Lost mutation: You are agile. (Dex +2) [Jiyva's grace]
 42356 | Vaults:2 | Gained mutation: You have a pair of large horns on your
                  | head. [Jiyva's grace]
 42452 | Vaults:3 | Lost mutation: You are frail. (-10% HP) [Jiyva's grace]
 42575 | Vaults:3 | Gained mutation: Your body has grown golden eyes which may
                  | confuse attackers. (Acc +3) [Jiyva's grace]
 42735 | Vaults:3 | Gained mutation: You are weak. (Str -2) [Jiyva's grace]
 42787 | Vaults:3 | Lost mutation: You have a pair of large horns on your head.
                  | [Jiyva's grace]
 43117 | Vaults:3 | Reached skill level 23 in Fighting
 43276 | Vaults:3 | Found a staircase to the Crypt.
 44005 | Vaults:4 | Found a huge runed gate.
 44006 | Vaults:4 | Found a huge runed gate.
 44014 | Vaults:4 | Found a huge runed gate.
 44014 | Vaults:4 | Found a huge runed gate.
 44014 | Vaults:4 | Found a huge runed gate.
 44019 | Vaults:4 | Gained mutation: You have an increased reservoir of magic.
                  | (+10% MP) [Jiyva's grace]
 44458 | Vaults:4 | Gained mutation: You are partially covered in molten
                  | scales. (AC +2) [Jiyva's grace]
 44473 | Vaults:4 | Lost mutation: Your flesh is very cold resistant. (rC++)
                  | [Jiyva's grace]
 44501 | Vaults:4 | Gained mutation: You are mostly covered in molten scales.
                  | (AC +3) [Jiyva's grace]
 44742 | Vaults:4 | Lost mutation: You are weak. (Str -2) [Jiyva's grace]
 44760 | Vaults:4 | Noticed a golden dragon
 44768 | Vaults:4 | Killed a golden dragon
 45166 | Vaults:3 | Gained mutation: Your mind is acute. (Int +2) [Jiyva's
                  | grace]
 45340 | Vaults:4 | Lost mutation: You have acidic saliva. [Jiyva's grace]
 45391 | Vaults:5 | Entered Level 5 of the Vaults
 45402 | Vaults:5 | Reached XP level 21. HP: 130/211 MP: 35/35
 45809 | Vaults:4 | Lost mutation: Your flesh is cold resistant. (rC+) [Jiyva's
                  | grace]
 45857 | Vaults:4 | Lost mutation: You are strong-willed. (Will+) [Jiyva's
                  | grace]
 45915 | Vaults:5 | Lost mutation: You are surrounded by a mild repulsion
                  | field. (EV +2) [Jiyva's grace]
 45956 | Vaults:5 | Noticed an ancient lich
 45960 | Vaults:5 | Slimified an ancient lich
 45960 | Vaults:5 | an ancient lich changed into a death ooze
 45968 | Vaults:5 | HP: 9/212 [frost giant/bolt of cold (19)]
 45971 | Vaults:5 | Gained mutation: Your rubbery body absorbs attacks. (AC +1,
                  | EV +1) [Jiyva's grace]
 45980 | Vaults:5 | Identified the +1 arbalest of the Freezing Augurer {vorpal,
                  | Fragile rPois Str+3 Stlth+}
 46002 | Vaults:5 | Cast into level 3 of the Abyss (a deep elf demonologist)
 46050 | Abyss:3  | HP: 10/212 [boulder beetle (18)]
 46060 | Abyss:3  | HP: 10/212 [tyrant leech (7)]
 46065 | Abyss:3  | HP: 3/212 [raiju/living lightning (11)]
 46068 | Abyss:3  | Mangled by a large abomination

Illustrated notes

Levels and vault maps discovered:
D:1:      dpeg_arrival_tiny_d, layout_basic
D:2:      layout_loops_cross, lemuel_doored_altar, uniq_terence,
          uniq_crazy_yiuf_cottage
D:3:      layout_basic, doesnt_xom_only_xom
D:4:      layout_gridville, nicolae_overflow_hidden_temple, serial_rivers,
          chequers_serial_rivers_large_a, chequers_serial_rivers_small_a,
          chequers_serial_rivers_micro_a, chequers_serial_rivers_micro_d
D:5:      layout_basic, portal_sewer_entry_d, hangedman_decor_diamond_cutter
D:6:      layout_rooms, grunt_decor_clamped
D:7:      layout_basic, led_sif_pool, minmay_temple_entry_antechambers,
          enter_bailey_7, serial_bayou, serial_bayou_pond_a,
          serial_bayou_lake_a, serial_bayou_lagoon_a, serial_bayou_pond_c,
          minmay_misc_feat_ornament, kennysheep_generic_room_12, uniq_duvessa
D:8:      layout_basic, minmay_manual_maat, uniq_psyche, uniq_grum
D:9:      layout_loops_corners, gammafunk_temple_overflow_statue,
          nzn_ghost_randoct, grunt_ministairs_2
D:10:     layout_basic, serial_shops,
          nicolae_shop_temple_entry_statues_fountains, nicolae_shop_statue_plus,
          shop_statue, nicolae_shop_competitors_out_of_business,
          nicolae_shop_overgrown_old_shop, fedhas_altar_fruit_tree
D:11:     layout_loops_corners, dpeg_oklobed_lair, minmay_circle_x,
          uniq_josephine
D:12:     layout_roguey, hiddenorc2_lemuel, serial_shops,
          nicolae_shop_temple_entry_statues_fountains, shop, shop,
          nicolae_shop_crystal, uniq_nessos
D:13:     nzn_winding_woodlands_medium [nzn_winding_woodlands_5x5_cross,
          nzn_winding_woodlands_5x15_split_checker,
          nzn_winding_woodlands_5x5_three,
          nzn_winding_woodlands_5x5_closed_star,
          nzn_winding_woodlands_center_triple_pond,
          nzn_winding_woodlands_5x5_default,
          nzn_winding_woodlands_5x5_perimeter,
          nzn_winding_woodlands_5x15_pathside_ponds,
          nzn_winding_woodlands_hourglass], layout_loops_ring,
          lightli_wizard_tower
D:14:     layout_cave_pools, david_vaults_4, minmay_misc_feat_enclosed,
          minivault_27, chequers_serial_rivers_micro_b
D:15:     gammafunk_depths_entry_grave, layout_cross,
          chequers_serial_rivers_small_b, grunt_dithmenos_shadows
Temple:   eino_temple_lava
Lair:1:   layout_loops_ring, maelrawn_ghost_gauntlet_escape,
          nzn_masters_of_martial_movement
Lair:2:   layout_cave_pods, skrybe_swamp_entry_bodies,
          nicolae_spider_entry_non_spiders, st_stairs_10, ice2_lemuel,
          uniq_fannar
Lair:3:   layout_cave_pods, lemuel_fruit_tree, uniq_prince_ribbit2
Lair:4:   layout_loops_ring, gauntlet_entry_generic, basic_altar, special_room
          [special_room_mythical_zoo]
Lair:5:   layout_gridlike, dpeg_slime_entry_enclosed_altar,
          nicolae_volcano_entry_vermiform, minivault_29
Lair:6:   guppyfry_lair_end_dragon, layout_long_grid, wormcave,
          ebering_ghost_inner_flame, st_stairs_7, infiniplex_staircase_pool,
          grunt_megastairs_3
Swamp:1:  layout_falls_marsh, evilmike_swamp_ruin_rubble_2
Swamp:2:  cheibrodos_swamp_mausoleum, layout_basic_swamp,
          evilmike_swamp_ruin_house_3
Swamp:3:  layout_basic_swamp, nicolae_swamp_orc_logging_accident, uniq_roxanne
Swamp:4:  swamp_old_school, layout_basic_swamp, swamp_pool3
Spider:1: layout_spider_delve, gammafunk_ghost_split, drop_trap, uniq_kirke
Spider:2: layout_spider_delve, amcnicky_altar_lugonu_corruption, uniq_aizul
Spider:3: layout_spider_delve, uniq_arachne
Spider:4: spider_rune_water, hangedman_stitches_earthworm
Slime:1:  layout_caves, basic_altar
Slime:2:  layout_caves
Slime:3:  layout_caves
Slime:4:  layout_caves
Slime:5
Orc:1:    layout_diamond_mine, basic_altar, serial_shops, shop,
          minmay_orc_temple_b, uniq_snorg
Orc:2:    st_orc_town, layout_caves, serial_shops, shop,
          hangedman_feature_mirror, nicolae_orc_sculptors_studio, mines1_david,
          uniq_jorgrun
Vaults:1: nicolae_vaults_stairing_the_circle, vaults_room_stairs_pillars,
          v_rooms_3, nicolae_vaults_what_the_h, hangedman_vaults_nails,
          st_spiral_rooms, nicolae_vaults_border_crossing,
          ontoclasm_vaults_gateway, layout_vaults_omnigrid, serial_shops, shop,
          nicolae_shop_behind_doors, nicolae_shop_overgrown_old_shop,
          nicolae_shop_window_shopping, shop
Vaults:2: ebering_vaults_ghost_gozag, nicolae_vaults_fighting_squares,
          nicolae_vaults_hallways_thing, v_misc_28, nicolae_vaults_asterisk,
          hangedman_vaults_snaps, grunt_vaults_focal, v_misc_9,
          nicolae_vaults_little_squares_4, serial_ice_b, v_misc_13,
          grunt_vaults_funnel, vaults_room_pool, hangedman_vaults_cutoff,
          nicolae_vaults_three_branches, layout_vaults_maze_snakey, serial_glass
Vaults:3: nicolae_vaults_little_squares_6, nicolae_vaults_know_your_exits,
          v_misc_26, ontoclasm_vaults_pinch, ontoclasm_vaults_ring_small,
          minmay_crypt_entry_skeletal_spiral, ontoclasm_vaults_ring_square,
          v_misc_2, v_misc_9, nicolae_vaults_shelves_hall,
          layout_vaults_chaotic_city, portal_desolation_entry_garden
Vaults:4: vaults_door_vault, hangedman_vaults_cutoff,
          vaults_standard_mumra_enter_the_diamond, v_misc_22,
          nicolae_vaults_rhombus_7, nicolae_vaults_big_angled_halls,
          grunt_vaults_hallway_long, nicolae_vaults_little_squares_2,
          vaults_mumra_chevron_long, ontoclasm_vaults_ligature,
          grunt_vaults_hallway_short, grunt_vaults_hallway_short,
          layout_vaults_omnicross
Vaults:5: serial_shops
Abyss:3:  base: Lair:2, evilmike_abyss_rune_ettins, bh_abyss_exit_choice,
          hangedman_stitches_earthworm

Skill      XL: |  1  2  3  4  5  6  7  8  9 10 11 12 13 14 15 16 17 18 19 20 21 |
---------------+----------------------------------------------------------------+-----
Armour         | 4 5 6 7 9 10 12 13 14 16 17 19 20 | 20.1
Evocations     | 1 2 3 4 5 7 8 9 10 11 | 11.9
Shields        | 4 5 7 9 12 14 15 17 18 | 18.2
Long Blades    | 3 4 5 6 8 11 13 14 15 16 17 | 17.4
Fighting       | 4 5 7 8 10 11 12 13 16 18 20 21 22 23 | 23.6
Dodging        | 1 2 4 5 |  5.0
Invocations    | 7 10 12 14 15 | 15.9

Action                   |  1- 3 |  4- 6 |  7- 9 | 10-12 | 13-15 | 16-18 | 19-21 || total
-------------------------+-------+-------+-------+-------+-------+-------+-------++-------
Melee: Long sword        |   112 |   139 |   377 |   790 |    19 |       |       ||  1437
       Headbutt          |    18 |    24 |    69 |   240 |   514 |   498 |   419 ||  1782
       Scimitar          |       |       |       |   164 |   482 |       |       ||   646
       Demon blade       |       |       |       |       |  1150 |  1875 |  1232 ||  4257
       Pseudopods        |       |       |       |       |    90 |    97 |    33 ||   220
       Bite              |       |       |       |       |       |   197 |   166 ||   363
       Peck              |       |       |       |       |       |   170 |       ||   170
Invok: Request Jelly     |       |       |       |       |       |     2 |       ||     2
       Slimify           |       |       |       |       |       |     2 |     5 ||     7
Evoke: Wand              |       |       |       |     5 |     3 |       |     5 ||    13
  Use: Potion            |       |     1 |     6 |     3 |     4 |     3 |    13 ||    30
       Scroll            |       |    10 |    16 |     7 |     9 |    12 |    10 ||    64
 Stab: Invisible         |       |       |     5 |       |     2 |     4 |       ||    11
       Paralysed         |       |       |       |     3 |     6 |       |     1 ||    10
       Petrified         |       |       |       |       |     2 |       |       ||     2
       Distracted        |       |       |       |       |     1 |     1 |     1 ||     3
       Confused          |       |       |       |       |     6 |       |     4 ||    10
Armor: Scale mail        |    51 |    46 |     1 |       |       |       |       ||    98
       Chain mail        |       |       |   112 |   230 |   181 |       |       ||   523
       Skin              |       |       |       |     9 |       |       |       ||     9
       Plate armour      |       |       |       |       |   353 |  1091 |   453 ||  1897
Dodge: Dodged            |    44 |    43 |    78 |   173 |   286 |   642 |   324 ||  1590
Block: Kite shield       |    51 |    65 |   304 |   638 |  1193 |  1906 |  1089 ||  5246
       Reflection        |       |       |    72 |     7 |    29 |    27 |    75 ||   210
       Rpst.: Long sword |    11 |    15 |    20 |    30 |       |       |       ||    76
       Scimitar          |       |       |       |     6 |    30 |       |       ||    36
       Demon blade       |       |       |       |       |    38 |   111 |    41 ||   190
